[Event "St Kilda East and Caulfield Chess Club RAPID Term 3, 2025"]
[Site "st kilda east, Australia"]
[Date "2025.07.24"]
[Round "5.6"]
[White "Yong, Leonard"]
[Black "Nakada, Kazu"]
[Result "1-0"]
[TimeControl "13 minutes per game plus 2 seconds from move 1"]
[WhiteElo "368"]
[BlackElo "802"]

1. e4 e5 2. Nf3 Nc6 3. Nc3 Nf6 4. d3 Bb4 5. Bd2 O-O 6. Be2 d5 7.
O-O dxe4 8. dxe4 Bxc3 9. bxc3 Nxe4 10. Bd3 Nxd2 11. Nxd2 Qf6 12. Ne4 Qe7 13. Re1 Re8 14. Qh5 g6 15.
Qf3 f5 16. Bc4+ Be6 17. Bxe6+ Qxe6 18. Nc5 Qc8 19. Qd5+ Kg7 20. Qc4 e4 21. Rad1 b6 22. Rd7+ Kh6 23. Qf7 bxc5 24. Qxh7+ Kg5 25.
h4+ Kf6 26. Qf7+ Ke5 27. f4+ Kxf4 28. Rf1+ Ke3 29. Qd5 Nd4 30. cxd4 Qb8 31. dxc5 Qb4 32. Qd1 Rad8 33. Rf3+ exf3 34.
Qxf3# 1-0

[Event "St Kilda East and Caulfield Chess Club RAPID Term 3, 2025"]
[Site "st kilda east, Australia"]
[Date "2025.07.24"]
[Round "5.1"]
[White "Kovalenko, Kiy"]
[Black "Rosenberger, Oliver"]
[Result "0-1"]
[TimeControl "13 minutes per game plus 2 seconds from move 1"]
[WhiteElo "839"]
[BlackElo "1675"]

1. e4 d6 2. d4 Nf6 3. Nc3 c6 4. Nf3 Bg4 5. Bg5 Qa5 6.
Qd2 Nbd7 7. Be2 h6 8. Be3 e5 9. O-O-O O-O-O 10. Rhe1 Kb8 11. Kb1 Be6 12. a3 g5 13. h3 Bg7 14.
dxe5 dxe5 15. Bd3 Bf8 16. Be2 Be7 17. Bd3 Nh5 18. Ne2 Qc7 19. Rc1 Nf4 20. Nxf4 gxf4 21. Bxa7+ Kxa7 22. Qc3 f6 23.
Bc4 Bxc4 24. Qxc4 Nb6 25. Qb3 Rhg8 26. Nh4 Bc5 27. Re2 Rg7 28. g3 fxg3 29. fxg3 Kb8 30. g4 Qf7 31. Qc3 Qc4 32.
Qf3 Rf7 33. Nf5 Na4 34. Ne3 Qb5 35. c4 Qb3 36. Qf2 Rd3 37. Nf5 Bxf2 38. Rxf2 Rd1 39. Nxh6 Nc3+ 0-1

[Event "St Kilda East and Caulfield Chess Club RAPID Term 3, 2025"]
[Site "st kilda east, Australia"]
[Date "2025.07.24"]
[Round "5.3"]
[White "Nash, Paul"]
[Black "Lopata, Felix"]
[Result "0-1"]
[TimeControl "13 minutes per game plus 2 seconds from move 1"]
[WhiteElo "730"]
[BlackElo "1088"]

1. e4 e6 2. d4 d5 3. e5 c5 4. c3 Nc6 5. Nf3 cxd4 6. cxd4 Nge7 7. Be2 Nf5 8.
a3 Be7 9. O-O O-O 10. b4 Qb6 11. Bb2 a5 12. b5 Na7 13. a4 Bd7 14. Ba3 Bxa3 15. Nxa3 Rac8 16. Nc2 Rc7 17. Ne3 Nxe3 18.
fxe3 Rfc8 19. Bd3 h6 20. Qd2 Rc3 21. Rac1 Rxc1 22. Rxc1 Qd8 23. Rxc8 Nxc8 24. Qc2 Nb6 25. g3 Qc8 26.
Qxc8+ Bxc8 27. Bc2 Nc4 28. Kf2 Kf8 29. Ke2 Ke7 30. Nd2 Nxd2 31. Kxd2 f6 32. exf6+ Kxf6 33. e4 Kg5 34. e5 Kg4 35. Ke3 Kh3 36. Kf4 Bd7 37.
Bg6 Kxh2 38. g4 Kg2 39. g5 hxg5+ 40. Kg4 Kf2 41. Kxg5 Ke3 42. Bf7 Kxd4 43. Kg6 Kxe5 44. Kxg7 d4 45.
Bg6 Kd5 46. Bd3 e5 47. Kf6 e4 48.
Bf1 0-1

[Event "St Kilda East and Caulfield Chess Club RAPID Term 3, 2025"]
[Site "st kilda east, Australia"]
[Date "2025.07.24"]
[Round "5.4"]
[White "Wang, Noah"]
[Black "Longe, Mathieu"]
[Result "1/2-1/2"]
[TimeControl "13 minutes per game plus 2 seconds from move 1"]
[WhiteElo "936"]
[BlackElo "699"]

1. e4 c5 2. Nf3 Nc6 3. d4 cxd4 4. Nxd4 e5 5. Nb3 Nf6 6. Nc3 Bb4 7. Bd3 Bxc3+ 8. bxc3 O-O 9. O-O d5 10.
Bg5 dxe4 11. Bxf6 Qxf6 12. Bxe4 Rd8 13. Qf3 Qxf3 14. Bxf3 Bf5 15. Nc5 Rab8 16. Rad1 b6 17. Nb7 Rxd1 18. Rxd1 Rxb7 19. Bxc6 Rb8 20.
f3 Bxc2 21. Rd7 a5 22. c4 f6 23. Bb5 a4 24. a3 f5 25. Kf2 e4 26. fxe4 fxe4 27. Ke3 h6 28. Kd4 Kh7 29. Bc6 Kg6 30.
Rd5 Kf6 31. Bd7 g5 32. g3 Rd8 33. Bc6 Rxd5+ 34. Bxd5 Kf5 35. Bc6 h5 36. Bd7+ Kf6 37. Bc6 h4 38. gxh4 gxh4 39. Bxe4 Bxe4 40.
Kxe4 Ke6 41. h3 Kd6 42. Kd4 Kc6 43. Kd3 Kc5 44. Kc3 b5 45. cxb5 Kxb5 46. Kb2 Kc4 47. Kc2 Kd4 48. Kd2 Kc4 49. Kc2 Kb5 50. Kc3 Ka5 51. Kd4 Ka6 52. Kc5 1/2-1/2

[Event "St Kilda East and Caulfield Chess Club RAPID Term 3, 2025"]
[Site "st kilda east, Australia"]
[Date "2025.07.24"]
[Round "5.5"]
[White "Beckman, John"]
[Black "Shore, Isaac"]
[Result "1-0"]
[TimeControl "13 minutes per game plus 2 seconds from move 1"]
[WhiteElo "859"]
[BlackElo "521"]

1. e4 c5 2. Nf3 d6 3. d4 cxd4 4. Nxd4 Nf6 5. Nc3 g6 6. Bc4 a6 7. Bb3 e6 8. Bg5 Be7 9. Qd2 O-O 10.
f3 Qc7 11. O-O-O Bd7 12. Kb1 Nc6 13. h4 Rad8 14. Bh6 Rfe8 15. g4 Nxd4 16. Qxd4 Bc6 17. h5 d5 18. exd5 e5 19. Qd3 Bb4 20. hxg6 fxg6 21. dxc6+ Kh8 22.
Qe2 Qxc6 23. Rxd8 Rxd8 24. Qxe5 Qxf3 25. Rg1 Re8 26. Qc7 Nd7 27. Qxd7 Re7 28. Qd8+ Re8 29. Qxe8+ Bf8 30. Qe5+ Bg7 31.
Qxg7# 1-0

[Event "St Kilda East and Caulfield Chess Club RAPID Term 3, 2025"]
[Site "st kilda east, Australia"]
[Date "2025.07.24"]
[Round "5.2"]
[White "Bambridge, Greg"]
[Black "O'Connor, Alistair"]
[Result "1-0"]
[TimeControl "13 minutes per game plus 2 seconds from move 1"]
[WhiteElo "1081"]
[BlackElo "1000"]

1. e4 e5 2. Nf3 c5 3. Nxe5 Nc6 4.
Nxc6 dxc6 5. Be2 Be6 6. d3 Nf6 7. Bg5 Qc7 8. Nd2 Be7 9. Nf3 h6 10. Bh4 O-O-O 11. O-O Nxe4 12. Bxe7 Qxe7 13. Qe1 Ng5 14. Qa5 Kb8 15. Rfe1 Qd6 16. Nd2 Bd5 17.
Rad1 Qg6 18. Ne4 Ne6 19. Bf1 f5 20. Nxc5 Nxc5 21. Qxc5 Rhe8 22. c4 b6 23. Qd4 Bxg2 24. Qf4+ Kb7 25.
Bxg2 Qf6 26. Rxe8 Rxe8 27. Qf3 g5 28. d4 g4 29. Qf4 g3 30. hxg3 h5 31. d5 h4 32. dxc6+ Ka6 33. Bf1 hxg3 34.
c5+ b5 35. Qxg3 Qxc6 36. Qa3+ Kb7 37. Bg2 1-0

[Event "St Kilda East and Caulfield Chess Club RAPID Term 3, 2025"]
[Site "st kilda east, Australia"]
[Date "2025.07.24"]
[Round "6.4"]
[White "Cukierman, David"]
[Black "Beckman, John"]
[Result "0-1"]
[TimeControl "13 minutes per game plus 2 seconds from move 1"]
[WhiteElo "551"]
[BlackElo "859"]

1. e4 d6 2. Nf3 e5 3. Bc4 h6 4. d3 Nf6 5. Be3 Be7 6. O-O O-O 7. Nc3 c6 8. b4 a6 9. Bb3 Bg4 10.
d4 Qc7 11. Qd3 Nbd7 12. Nh4 Bh5 13. h3 Rad8 14. g4 Bxg4 15. hxg4 Nxg4 16. Ng6 Rde8 17. Nxf8 Rxf8 18. Rad1 Ndf6 19.
dxe5 Nxe5 20. Qe2 Qc8 21. f4 Neg4 22. f5 Rd8 23. Qf3 Qc7 24. Rd2 h5 25. Bg5 Qb6+ 26. Kh1 Ne5 27. Qg3 Rd7 28. a3 Nh7 29. Bxe7 Rxe7 30.
f6 Nxf6 31. Rxf6 Ng4 32. Rfxd6 Qb5 33. Rd8+ Kh7 34. Qd3 Qe5 35.
Rg2 Qf4 36. e5+ g6 37. Ne2 Qf1+ 38. Rg1 Qf2 39. e6 Qh2# 0-1

[Event "St Kilda East and Caulfield Chess Club RAPID Term 3, 2025"]
[Site "st kilda east, Australia"]
[Date "2025.07.24"]
[Round "6.3"]
[White "O'Connor, Alistair"]
[Black "Kovalenko, Kiy"]
[Result "1-0"]
[TimeControl "13 minutes per game plus 2 seconds from move 1"]
[WhiteElo "1000"]
[BlackElo "839"]

1. c4 e5 2. g3 f5 3. Bg2 Nf6 4. d3 Nc6 5. a3 a6 6. Nc3 Bc5 7. Nf3 O-O 8. b4 Ba7 9. b5 axb5 10.
cxb5 Nd4 11. Nxe5 Re8 12. Nf3 Nxf3+ 13. Bxf3 Bd4 14. O-O Bxc3 15. Qb3+ Re6 16. Qxc3 c6 17. a4 cxb5 18. axb5 Rxa1 19.
Qxa1 d5 20. Bg5 Qb6 21. Rc1 Bd7 22. Bxf6 Rxf6 23. Qa8+ Kf7 24. Bxd5+ Kg6 25. Qxb7 Qxb5 26. Qxb5 Bxb5 27. Rc7 Rd6 28.
Bc4 Bc6 29. f4 Ba8 30. Re7 Bd5 31. Bxd5 Rxd5 32. Kf2 Kf6 33. Rc7 h6 34. Rc6+ Kf7 35. Ke3 Ra5 36. Kd4 Ra2 37. Ke5 Rxe2+ 38. Kxf5 Rxh2 39. Rc7+ Kf8 40. d4 Rg2 41. g4 g6+ 42. Kf6 Ke8 43. g5 h5 44. Kxg6 h4 45. Rh7 Rh2 46. Kf5 Rd2 47.
Rxh4 Rxd4 48. Rh6 Kf7 49. Rh7+ Kg8 50. Ra7 Rd5+ 51. Kg4 Rd4 52. g6 Re4 53. Kg5 Rd4 54. f5 Rd5 55. Kf6 Rd6+ 56.
Ke5 Rb6 57. Rd7 Rb5+ 58. Kf6 Rb6+ 59. Kg5 Rb5 60. Kh6 Rb8 61. f6 Kf8 62. Rh7 Ke8 63. Rh8+ Kd7 64. Rxb8 Ke6 65. g7 Kxf6 66. g8=R Kf5 67. Rge8 Kf6 68. Kh5 Kf7 69. Kg4 Kf6 70. Kf4 Kf7 71. Ke4 Kf6 72. Kd4 Kf7 73. Re2 Kf6 74. Rb1 Kf5 75. Rf1+ Kg4 76. Rg2 Kh3 77. Rg8 Kh2 78. Ke3 1-0

[Event "St Kilda East and Caulfield Chess Club RAPID Term 3, 2025"]
[Site "st kilda east, Australia"]
[Date "2025.07.24"]
[Round "6.1"]
[White "Rosenberger, Oliver"]
[Black "Lopata, Felix"]
[Result "1-0"]
[TimeControl "13 minutes per game plus 2 seconds from move 1"]
[WhiteElo "1675"]
[BlackElo "1088"]

1. d4 e6 2. c4 d5 3. Nc3 Nf6 4. cxd5 exd5 5. Bg5 c6 6. e3 Be7 7. Bd3 Nbd7 8.
Qc2 h6 9. Bh4 O-O 10. Nge2 Re8 11.
O-O Nf8 12. Rad1 Ne6 13. f3 Nh5 14. Bf2 c5 15. g4 cxd4 16. exd4 Nhf4 17. Bg3 Bd6 18. Bf5 Nxe2+ 19. Nxe2 Bxg3 20.
hxg3 Bd7 21. Bxe6 Rxe6 22. Nf4 Rc6 23. Qe2 Be6 24. Rfe1 Qc7 25. Kg2 Rc8 26. Rd2 Re8 27. Qd3 Qd7 28.
Rh1 Qe7 29. Rh5 Rd8 30. g5 g6 31. Rxh6 Bf5 32. Qb3 Qxg5 33. Rh1 b6 34. Re2 Rcd6 35. Qb5 Bd7 36. Qb4 Rf6 37. Qe7 Rf5 38.
Qxg5 Rxg5 39. Re7 Be8 40. Nd3 Bb5 41. Ne5 Rc8 42. g4 Rc2+ 43. Kg3 Re2 44. f4 Re3+ 45. Kf2 Re2+ 46. Kf3 Rgxe5 47. fxe5 Rxb2 48. e6 Bd3 49.
exf7+ Kf8 50. Rh8+ Kxe7 51. f8=Q+ 1-0

[Event "St Kilda East and Caulfield Chess Club RAPID Term 3, 2025"]
[Site "st kilda east, Australia"]
[Date "2025.07.24"]
[Round "6.2"]
[White "Wang, Noah"]
[Black "Bambridge, Greg"]
[Result "0-1"]
[TimeControl "13 minutes per game plus 2 seconds from move 1"]
[WhiteElo "936"]
[BlackElo "1081"]

1. e4 e5 2. Nf3 f5 3. Nxe5 Qf6 4. d4 d6 5. Nc4 fxe4 6. Be2 Qd8 7. Nc3 Nf6 8. Bg5 Be7 9. Qd2 O-O 10.
O-O d5 11. Ne3 c6 12. a3 Na6 13. b4 Nc7 14. Rab1 Ne6 15. Bd1 Nxg5 16. Ne2 Ne6 17. c3 Bd6 18. Ng3 Nf4 19. Ne2 Nxe2+ 20. Bxe2 Qe8 21. c4 Qg6 22.
Kh1 Qh6 23. Kg1 Qxh2# 0-1

[Event "St Kilda East and Caulfield Chess Club RAPID Term 3, 2025"]
[Site "st kilda east, Australia"]
[Date "2025.07.24"]
[Round "6.6"]
[White "Yong, Leonard"]
[Black "Nash, Paul"]
[Result "1-0"]
[TimeControl "13 minutes per game plus 2 seconds from move 1"]
[WhiteElo "368"]
[BlackElo "730"]

1. e4 e5 2. Nf3 Nc6 3. Nc3 Nf6 4. d3 Bb4 5. Bd2 O-O 6. Be2 Re8 7. O-O d5 8. exd5 Nxd5 9.
Nxd5 Qxd5 10. c4 Qa5 11. b3 Bf5 12. Bxb4 Qxb4 13. Nh4 Be6 14. Bg4 Nd4 15. Re1 Bxg4 16. Qxg4 Nc2 17. Nf5 g6 18. Nh6+ Kg7 19. Qg5 Qe7 20. Nf5+ 1-0

[Event "St Kilda East and Caulfield Chess Club RAPID Term 3, 2025"]
[Site "st kilda east, Australia"]
[Date "2025.07.24"]
[Round "7.4"]
[White "Lopata, Felix"]
[Black "Nakada, Kazu"]
[Result "1-0"]
[TimeControl "13 minutes per game plus 2 seconds from move 1"]
[WhiteElo "1088"]
[BlackElo "802"]

1. d4 d5 2. c4 c6 3. Nc3 Nf6 4. cxd5 cxd5 5. Bg5 Nc6 6. e3 h6 7. Bh4 e6 8. Nf3 Bb4 9. Bd3 Qe7 10. O-O Bxc3 11. bxc3 e5 12.
Bb5 a6 13. Bxc6+ bxc6 14. Nxe5 Qe6 15. Bxf6 gxf6 16. Nd3 Rg8 17. Nf4 Qf5 18. Qf3 Rg5 19. e4 dxe4 20. Rfe1 Be6 21. Rxe4 Kd7 22.
Qe3 Bd5 23. Nxd5 cxd5 24. Re7+ Kd6 25. Rxf7 Qe6 26. Qf4+ Re5 27. dxe5+ Qxe5 28. Rxf6+ 1-0

[Event "St Kilda East and Caulfield Chess Club RAPID Term 3, 2025"]
[Site "st kilda east, Australia"]
[Date "2025.07.24"]
[Round "7.6"]
[White "Kovalenko, Kiy"]
[Black "Cukierman, David"]
[Result "1-0"]
[TimeControl "13 minutes per game plus 2 seconds from move 1"]
[WhiteElo "839"]
[BlackElo "551"]

1. e4 e5 2. Nf3 Nc6 3.
Bc4 Nf6 4. d4 exd4 5. O-O Na5 6. Qxd4 Nxc4 7. Qxc4 d5 8. exd5 Nxd5 9. Re1+ Be6 10. Ng5 Qd7 11. Nc3 Nb4 12. Nxe6 fxe6 13.
Rxe6+ Be7 14. Bg5 Nc6 15. Rae1 O-O-O 16. Bxe7 Nxe7 17. Rxe7 b5 18. Nxb5 Rhe8 19. Rxe8 Rxe8 20. Rxe8+ Qxe8 21.
Qxc7# 1-0

[Event "St Kilda East and Caulfield Chess Club RAPID Term 3, 2025"]
[Site "st kilda east, Australia"]
[Date "2025.07.24"]
[Round "7.2"]
[White "Bambridge, Greg"]
[Black "Yong, Leonard"]
[Result "1-0"]
[TimeControl "13 minutes per game plus 2 seconds from move 1"]
[WhiteElo "1081"]
[BlackElo "368"]

1. e4 e5 2. Nf3 Nc6 3.
d4 f6 4.
dxe5 fxe5 5. Bc4 Bc5 6. O-O d6 7. h3 Bd7 8. c3 Qe7 9. b4 Bb6 10. a4 a5 11. Qb3 Nf6 12. Bg5 Be6 13.
Bxe6 axb4 14. cxb4 Bd4 15. Nc3 Qf8 16. Rae1 Rd8 17. Nb5 Qe7 18. Bd5 Nb8 19. Nbxd4 exd4 20. e5 Qf8 21. exf6+ Kd7 22.
Be6+ Ke8 23. Bc8+ Qe7 24. Rxe7+ Kf8 25. fxg7# 1-0

[Event "St Kilda East and Caulfield Chess Club RAPID Term 3, 2025"]
[Site "st kilda east, Australia"]
[Date "2025.07.24"]
[Round "7.3"]
[White "Beckman, John"]
[Black "O'Connor, Alistair"]
[Result "1-0"]
[TimeControl "13 minutes per game plus 2 seconds from move 1"]
[WhiteElo "859"]
[BlackElo "1000"]

1. e4 e6 2. d4 d5 3. Nc3 Be7 4. Nf3 Nf6 5. e5 Nfd7 6. Bd3 c5 7. Nb5 a6 8. Nd6+ Bxd6 9. exd6 cxd4 10. Nxd4 Nc6 11. Nxc6 bxc6 12. O-O O-O 13. Qh5 Nf6 14. Qe5 a5 15. Bg5 Ba6 16. Rad1 Bxd3 17. Rxd3 Ng4 18.
Qf4 Nf6 19. Qg3 Ne4 20. Qh4 Qxg5 21. Qh3 Nxd6 22. Rg3 Qf5 23. Qh6 Ne8 24. c3 Qf6 25. Qd2 Nd6 26. f3 Rab8 27. b3 a4 28.
b4 Nc4 29. Qc1 c5 30. a3 cxb4 31. cxb4 Qb2 32. Qh6 Nxa3 33. h4 Rxb4 34. Kh2 Qf6 35. Qxf6 Rxh4+ 36. Kg1 g6 37. Qxh4 Nc4 38.
Rh3 h5 39. Qg5 Rb8 40. Rxh5 a3 41. Qg3 a2 1-0